 Dungeon Crawl Stone Soup version 0.31.0-1-g2c135a0 (webtiles) character file.

Game seed: 6831496136581304308

151 mezmerelda the Trooper (level 5, 0/48 HPs)
             Began as a Hill Orc Fighter on Mar 6, 2024.
             Slain by an ufetubus (5 damage)
             ... on level 5 of the Dungeon.
             The game lasted 00:03:40 (1280 turns).

mezmerelda the Trooper (Hill Orc Fighter)           Turns: 1280, Time: 00:03:41

Health: 0/48       AC: -1    Str: 21    XL:     5   Next: 33%
Magic:  5/5        EV:  9    Int:  8    God:
Gold:   37         SH:  4    Dex: 10    Spells: 4/4 levels left

rFire   . . .        a - +0 war axe
rCold   . . .        c - +0 buckler
rNeg    . . .        b - +0 scale mail
rPois   .            (no helmet)
rElec   .            (no cloak)
rCorr   .            (no gloves)
SInv    .            (no boots)
Will    .....        (no amulet) Stlth
                     (no ring)
HPRegen 0.28/turn    (no ring)
MPRegen 0.09/turn

%: no passive effects
@: corroded
A: no striking features
a: no special abilities


You were on level 5 of the Dungeon.
You visited 1 branch of the dungeon, and saw 5 of its levels.

You collected 37 gold pieces.

Inventory:

Hand Weapons
 a - a +0 war axe (weapon)
Armour
 b - a +0 scale mail (worn)
 c - a +0 buckler (worn)
Wands
 l - a wand of mindburst (11)
Scrolls
 e - a scroll of blinking {unknown}
 f - a scroll of enchant weapon {unknown}
 h - a scroll of noise {unknown}
 i - a scroll of teleportation {unknown}
 m - a scroll of poison {unknown}
 n - a scroll of identify {unknown}
 o - a scroll of revelation {unknown}
Potions
 d - a potion of might
 g - a potion of curing {unknown}
 j - a potion of haste {unknown}
 k - a potion of cancellation {unknown}


   Skills:
 + Level 5.5 Fighting
 + Level 5.3 Axes
 - Level 3.2 Armour
 - Level 3.2 Shields


You had 4 spell levels left.
You didn't know any spells.
Your spell library contained the following spells:

 Spells                   Type           Power      Damage    Failure   Level
 Apportation              Tloc           0%         N/A       82%         1
 Necrotise                Necr           0%         1d4       82%         1
 Sting                    Conj/Alch      0%         1d3       82%         1
 Summon Small Mammal      Summ           0%         N/A       82%         1
 Ensorcelled Hibernation  Hex/Ice        0%         N/A       91%         2
 Fugue of the Fallen      Necr           0%         N/A       99%         3
 Anguish                  Hex/Necr       0%         N/A       100%        4


Dungeon Overview and Level Annotations

Branches:
Dungeon (5/15)
 Temple: D:4-7

Altars:
Elyvilon

Shops:
D:3 (

Annotations:
D:4 Menkaure


Message History

The ufetubus hits you but does no damage.
The ufetubus closely misses you.
The ufetubus hits you but does no damage.
The ufetubus barely misses you. x2
The ufetubus hits you but does no damage. x3
You closely miss the ufetubus. x2
The ufetubus hits you but does no damage.
The ufetubus barely misses you. The ufetubus closely misses you.
The ufetubus hits you but does no damage.
The ufetubus barely misses you.
The ufetubus hits you but does no damage. x2
The ufetubus hits you.
You hit the ufetubus.
The ufetubus is severely wounded.
You closely miss the ufetubus. You hit the jelly.
Your hands burn!
The ufetubus barely misses you. x2; The ufetubus hits you.
The ufetubus hits you but does no damage.
The jelly hits you but does no damage. The ufetubus closely misses you. x2
You block the ufetubus's attack.
The ufetubus hits you but does no damage.
You hit the ufetubus.
You kill the ufetubus!
You slash the ufetubus! You hit the jelly.
Your hands burn!
You block the ufetubus's attack. The ufetubus barely misses you.
The jelly hits you. The acid corrodes you!
You are splashed with acid!
The ufetubus barely misses you.
The ufetubus hits you but does no damage.
The jelly attacks as it pursues you! The jelly hits you. The acid corrodes you!
You are splashed with acid!
The jelly attacks as it pursues you! The jelly hits you.
You are splashed with acid!
* * * LOW HITPOINT WARNING * * *
The ufetubus hits you.
* * * LOW HITPOINT WARNING * * *
The ufetubus barely misses you. You block the jelly's attack.
The ufetubus attacks as it pursues you! The ufetubus hits you.
* * * LOW HITPOINT WARNING * * *
The ufetubus hits you.
You die...

................#.##..##.#
#.... #............#...#.#
....<.#..................#
......#..................#
[........................#
......#..................#
.......$.................#
......#..J#####...##...#.#
.......s.5@..###..####.#.#
..#####.#..#.# #..# #.#.#
. #..##.# .....# #
....##.# ....# ###..##..
... #....### .. #.# . # #


You could see a scorpion, a jelly and an ufetubus.

Vanquished Creatures
  A hound (D:4)
  A sleepcap (D:5)
  Ijyb (D:3)
  An adder (D:2)
  3 gnolls
  An ufetubus (D:5)
  5 orcs
  2 ball pythons
  A giant cockroach (D:2)
  2 goblins
  2 quokkas
  A bat (D:2)
  3 frilled lizards
  2 kobolds (D:3)
  2 rats (D:3)
28 creatures vanquished.

Notes
Turn   | Place    | Note
-------+----------+-------------------------------------------
     0 | D:1      | mezmerelda the Hill Orc Fighter began the quest for the
                  | Orb.
     0 | D:1      | Reached XP level 1. HP: 19/19 MP: 1/1
   207 | D:2      | Reached XP level 2. HP: 27/27 MP: 2/2
   364 | D:2      | Reached XP level 3. HP: 31/34 MP: 3/3
   479 | D:3      | Found Eluteule's Weapon Shop.
   549 | D:3      | Noticed Ijyb
   571 | D:3      | Killed Ijyb
   576 | D:3      | Reached XP level 4. HP: 5/41 MP: 4/4
   736 | D:3      | Reached skill level 5 in Fighting
   883 | D:4      | Reached skill level 5 in Axes
   883 | D:4      | Reached XP level 5. HP: 40/48 MP: 5/5
   916 | D:4      | Found a white marble altar of Elyvilon.
  1061 | D:4      | Noticed Menkaure
  1075 | D:5      | Entered Level 5 of the Dungeon
  1280 | D:5      | Slain by an ufetubus

Illustrated notes

Levels and vault maps discovered:
D:1:      ebering_trefoil_3fold, layout_loops_ring,
          shapermc_ecumenical_altar_notcrosses
D:2:      layout_basic, wad_floor_pattern_untrapped, grunt_ministairs_15
D:3:      layout_loops_ring, serial_shops, nicolae_shop_bloodbath_and_beyond,
          uniq_ijyb
D:4:      layout_gridville, nicolae_overflow_crystal_walls, uniq_blork_the_orc,
          uniq_menkaure
D:5:      layout_rooms, marbit_many_paths, uniq_pikel

Skill      XL: |  1  2  3  4 |
---------------+-------------+-----
Axes           | 3 4 5 |  5.3
Fighting       | 4 5 |  5.5
Armour         | |  3.2
Shields        | |  3.2

Action                     |  1- 3 |  4- 6 || total
---------------------------+-------+-------++-------
  Melee: War axe           |    77 |    39 ||   116
 Armour: Scale mail        |    54 |    57 ||   111
  Dodge: Dodged            |    32 |    22 ||    54
  Block: Buckler           |    15 |    11 ||    26
